 Dungeon Crawl Stone Soup version 0.19.4 (webtiles) character file.

609 Kiturien the Chopper (level 7, -2/61 HPs)
             Began as a Hill Orc Fighter on Feb 3, 2017.
             Slain by an ogre
             ... wielding a cursed -2 giant club
              (13 damage)
             ... on level 4 of the Dungeon.
             The game lasted 00:06:06 (3578 turns).

Kiturien the Chopper (Hill Orc Fighter)             Turns: 3578, Time: 00:06:07

Health: -2/61      AC:  9    Str: 21    XL:     7   Next: 43%
Magic:  7/7        EV:  8    Int:  8    God:
Gold:   116        SH:  9    Dex: 10    Spells: 0 memorised, 6 levels left

rFire  . . .     SeeInvis .     a - +0 war axe
rCold  . . .     Gourm    .     b - +0 scale mail
rNeg   . . .     Faith    .     c - +0 shield
rPois  .         Spirit   .     p - +1 hat
rElec  .         Reflect  .     (no cloak)
rCorr  .         Harm     .     (no gloves)
MR     .....                    l - +0 pair of boots
Stlth  +.........               (no amulet)
                                u - ring of stealth
                                (no ring)

@: no status effects
A: no striking features
a: no special abilities


You were on level 4 of the Dungeon.
You were not hungry.

You visited 1 branch of the dungeon, and saw 4 of its levels.

You collected 116 gold pieces.

Inventory:

Hand Weapons
 a - a +0 war axe (weapon)
Armour
 b - a +0 scale mail (worn)
 c - a +0 shield (worn)
 l - a +0 pair of boots (worn)
 p - a +1 hat (worn)
Jewellery
 k - an uncursed ring of ice
 u - a ring of stealth (right hand)
Scrolls
 g - a scroll of enchant armour {unknown}
 h - a scroll of magic mapping {unknown}
 o - a scroll of blinking {unknown}
 q - 3 scrolls of remove curse {unknown}
 r - a scroll of noise {unknown}
Potions
 e - a potion of mutation {unknown}
 i - 2 potions of cure mutation
 j - a potion of lignification
 m - 3 potions of curing
 n - a potion of flight {unknown}
 s - a potion of degeneration {unknown}
Comestibles
 f - 2 bread rations


   Skills:
 * Level 5.6 Fighting
 + Level 6.4 Axes
 + Level 5.2 Armour
 + Level 1.2 Dodging
 - Level 0.1 Stealth
 + Level 4.6 Shields


You had 6 spell levels left.
You didn't know any spells.

Dungeon Overview and Level Annotations

Branches:
Dungeon (4/15)
 Temple: D:4-7

Altars:
The Shining One


Message History

The ogre is moderately wounded.
The ogre hits you with a giant club!!
* * * LOW HITPOINT WARNING * * *
You hit the ogre.
The ogre is heavily wounded.
You block the ogre's attack.
You slash the ogre!
The ogre is severely wounded.
You block the ogre's attack.
You hit the ogre but do no damage.
The ogre is severely wounded.
The ogre barely misses you.
You slash the ogre!
The ogre is almost dead.
The ogre hits you with a giant club.
* * * LOW HITPOINT WARNING * * *
You barely miss the ogre.
The ogre is almost dead.
The ogre hits you with a giant club!
You die...

.....# #..#.# ...>..#
#..### #...##
?......###.## ###.....#
........#..# ##........
[.......#..# ##.........
........†.## #..........
...........###..........
............!...........
.........##...@O........
...####..####...........
## #..# #....†.......
##.# #............ #.#
#!...........
#.#..............
#...##.##........ ...
...#.##.##.. .. .... .#
..


You could see an ogre.

Vanquished Creatures
  The ghost of mora the Covered, an amateur DDFi (D:4)
  Sigmund (D:4)
  A scorpion (D:4)
  A worker ant (D:3)
  2 gnolls (D:1)
  3 adders
  An ooze (D:2)
  3 worms (D:2)
  6 dart slugs
  2 leopard geckos
  3 orcs (D:3)
  2 giant cockroaches (D:3)
  11 goblins
  5 hobgoblins
  4 jackals
  A quokka (D:4)
  3 ball pythons (D:3)
  10 bats
  8 frilled lizards
  6 kobolds
  11 rats
85 creatures vanquished.

Notes
Turn   | Place    | Note
-------+----------+-------------------------------------------
     0 | D:1      | Kiturien the Hill Orc Fighter began the quest for the Orb.
     0 | D:1      | Reached XP level 1. HP: 19/19 MP: 1/1
   115 | D:1      | Reached XP level 2. HP: 22/27 MP: 2/2
   219 | D:1      | Reached skill level 3 in Axes
   382 | D:1      | Reached XP level 3. HP: 2/33 MP: 3/3
  1058 | D:2      | Reached XP level 4. HP: 40/40 MP: 4/4
  1293 | D:2      | Reached skill level 4 in Axes
  1339 | D:2      | Found a glowing golden altar of the Shining One.
  2077 | D:3      | Reached XP level 5. HP: 42/46 MP: 5/5
  2649 | D:4      | Noticed mora's ghost (amateur DDFi)
  3215 | D:4      | Killed mora's ghost
  3215 | D:4      | Reached skill level 5 in Fighting
  3215 | D:4      | Reached skill level 5 in Axes
  3215 | D:4      | Reached skill level 1 in Dodging
  3215 | D:4      | Reached XP level 6. HP: 4/56 MP: 6/6
  3512 | D:4      | Noticed Sigmund
  3531 | D:4      | Killed Sigmund
  3531 | D:4      | Reached skill level 6 in Axes
  3531 | D:4      | Reached skill level 5 in Armour
  3531 | D:4      | Reached XP level 7. HP: 54/61 MP: 7/7
  3578 | D:4      | Slain by an ogre

Skill      XL: |  1  2  3  4  5  6 |
---------------+-------------------+-----
Axes           | 3 4 5 6 |  6.4
Fighting       | 4 5 |  5.6
Shields        | 4 |  4.6
Armour         | 4 5 |  5.2
Dodging        | 1 |  1.2
Stealth        | |  0.1

Action                   |  1- 3 |  4- 6 |  7- 9 || total
-------------------------+-------+-------+-------++-------
Melee: War axe           |    70 |   202 |    17 ||   289
  Use: Scroll            |       |     3 |       ||     3
       Potion            |       |     1 |       ||     1
  Eat: Beef jerky        |       |     2 |       ||     2
       Royal jelly       |       |     1 |       ||     1
       Bread ration      |       |     1 |       ||     1
Armor: Scale mail        |    46 |    73 |       ||   119
Dodge: Dodged            |    22 |    62 |     6 ||    90
Block: Shield            |    40 |    88 |     7 ||   135
